SL
AUSTIN RANGERS @ HOUSTON 1837 BBC
05/19/2026
 
TOP OF THE 1ST
Austin Rangers batting - Pitching for Houston 1837 BBC : RHP Marvin Martin
Pitching: RHP Marvin Martin
Batting: RHB Miguel Morán 0-0: Called Strike
0-1: Ground out 4-3 (Groundball, 4S)
Batting: SHB Xavier Vásquez 0-0: Ball
1-0: Ground out U3 (Groundball, 3L)
Batting: LHB Yun Yen 0-0: Ball
1-0: Called Strike
1-1: Ball
2-1: Foul Ball, location: 2F
2-2: Ball
3-2: Base on Balls
Batting: LHB Count Dante 0-0: Called Strike
0-1: Foul Ball, location: 2F
0-2: Ball
1-2: Ground out 1-3 (Groundball, 15S)
Top of the 1st over - 0 run(s), 0 hit(s), 0 error(s), 1 left on base; Austin 0 - Houston 0
BOTTOM OF THE 1ST
Houston 1837 BBC batting - Pitching for Austin Rangers : RHP Kyle Boddy
Pitching: RHP Kyle Boddy
Batting: LHB Alberto Torres 0-0: Ball
1-0: Ground out U3 (Groundball, 3)
Batting: LHB José Marín 0-0: Foul Ball, location: 2F
0-1: Ball
1-1: Foul Ball, location: 2F
1-2: Ball
2-2: Ball
3-2: Base on Balls
Batting: LHB Mike Hanson 0-0: Called Strike
0-1: Swinging Strike
0-2: Ball
1-2: Foul Ball, location: 2F
1-2: Ball
2-2: Strikes out swinging
Batting: RHB Bob Dickerson 0-0: Called Strike
0-1: Ball
1-1: Foul Ball, location: 2F
1-2: Ball
José Marín steals 2nd base
2-2: Foul Ball, location: 2F
2-2: SINGLE (Line Drive, 78M)
José Marín to third
Batting: SHB Jason Alexander 0-0: Ball
1-0: Fly out, F7 (Flyball, 78S)
Bottom of the 1st over - 0 run(s), 1 hit(s), 0 error(s), 2 left on base; Austin 0 - Houston 0
TOP OF THE 2ND
Austin Rangers batting - Pitching for Houston 1837 BBC : RHP Marvin Martin
Batting: LHB Jesús Reyes 0-0: Ball
1-0: Ball
2-0: Ball
3-0: Called Strike
3-1: Foul Ball, location: 2F
3-2: Foul Ball, location: 2F
3-2: Foul Ball, location: 2F
3-2: DOUBLE (Groundball, 3L)
Batting: RHB Jeff Green 0-0: Ball
1-0: Foul Ball, location: 2F
1-1: Fly out, F6 (Popup, 56D)
Batting: RHB Tony Hernández 0-0: Ball
1-0: Swinging Strike
1-1: Fly out, F3 (Popup, 3L)
Batting: LHB Enrique Sánchez 0-0: Fly out, F7 (Flyball, 7LDF)
Top of the 2nd over - 0 run(s), 1 hit(s), 0 error(s), 1 left on base; Austin 0 - Houston 0
BOTTOM OF THE 2ND
Houston 1837 BBC batting - Pitching for Austin Rangers : RHP Kyle Boddy
Batting: LHB Damian Delaney 0-0: Ground out 5-3 (Groundball, 56S)
Batting: LHB Mark McClear 0-0: Called Strike
0-1: Foul Ball, location: 2F
0-2: Strikes out looking
Batting: RHB Luis Tapia 0-0: SINGLE (Groundball, 6MD)
Batting: RHB Kumanosuke Abe 0-0: Ball
1-0: Swinging Strike
1-1: Ball
2-1: Swinging Strike
2-2: Strikes out swinging
Bottom of the 2nd over - 0 run(s), 1 hit(s), 0 error(s), 1 left on base; Austin 0 - Houston 0
TOP OF THE 3RD
Austin Rangers batting - Pitching for Houston 1837 BBC : RHP Marvin Martin
Batting: RHB Matt Sheppard 0-0: Called Strike
0-1: Ball
1-1: Ball
2-1: Ball
3-1: Base on Balls
Batting: RHB Miguel Morán 0-0: Ball
1-0: Ball
2-0: Foul Ball, location: 2F
2-1: Grounds into double play, 4-6-3 (Groundball, 4)
Batting: SHB Xavier Vásquez 0-0: Ball
1-0: Ground out 4-3 (Groundball, 34)
Top of the 3rd over - 0 run(s), 0 hit(s), 0 error(s), 0 left on base; Austin 0 - Houston 0
BOTTOM OF THE 3RD
Houston 1837 BBC batting - Pitching for Austin Rangers : RHP Kyle Boddy
Batting: LHB Alberto Torres 0-0: Swinging Strike
0-1: Foul Ball, location: 2F
0-2: Strikes out looking
Batting: LHB José Marín 0-0: Foul Ball, location: 2F
0-1: Ball
1-1: Ball
2-1: SINGLE (Groundball, 6D)
Batting: LHB Mike Hanson 0-0: Ball
1-0: Fielders Choice at 2nd, 6-4 (Groundball, 6)
Batting: RHB Bob Dickerson 0-0: Foul Ball, location: 2F
0-1: Called Strike
0-2: Ball
1-2: Foul Ball, location: 2F
1-2: Foul Ball, location: 2F
1-2: Fielders Choice at 2nd, 5-4 (Groundball, 56)
Bottom of the 3rd over - 0 run(s), 1 hit(s), 0 error(s), 0 left on base; Austin 0 - Houston 0
TOP OF THE 4TH
Austin Rangers batting - Pitching for Houston 1837 BBC : RHP Marvin Martin
Batting: LHB Yun Yen 0-0: Ball
1-0: Ground out 4-3 (Groundball, 4)
Batting: LHB Count Dante 0-0: Fly out, F8 (Flyball, 78XD)
Batting: LHB Jesús Reyes 0-0: Ball
1-0: Called Strike
1-1: Fly out, F8 (Flyball, 8LM)
Top of the 4th over - 0 run(s), 0 hit(s), 0 error(s), 0 left on base; Austin 0 - Houston 0
BOTTOM OF THE 4TH
Houston 1837 BBC batting - Pitching for Austin Rangers : RHP Kyle Boddy
Batting: SHB Jason Alexander 0-0: Ball
1-0: Ball
2-0: Called Strike
2-1: Ball
3-1: Ground out 4-3 (Groundball, 4)
Batting: LHB Damian Delaney 0-0: Called Strike
0-1: Fly out, F8 (Flyball, 8RM)
Batting: LHB Mark McClear 0-0: Ground out 5-3 (Groundball, 56S)
Bottom of the 4th over - 0 run(s), 0 hit(s), 0 error(s), 0 left on base; Austin 0 - Houston 0
TOP OF THE 5TH
Austin Rangers batting - Pitching for Houston 1837 BBC : RHP Marvin Martin
Batting: RHB Jeff Green 0-0: Swinging Strike
0-1: SINGLE (Groundball, 56D)
Batting: RHB Tony Hernández 0-0: Sac Bunt - play at first, batter OUT! 5-3
Jeff Green to second
Batting: LHB Enrique Sánchez 0-0: Ball
1-0: Reached on error, E2 (Groundball, 2L)
Jeff Green to third
Batting: RHB Matt Sheppard 0-0: Ball
1-0: Called Strike
1-1: Foul Ball, location: 2F
1-2: Fly out, F9 (Flyball, 89S)
Runner from 3rd tags up, SCORES, no throw
Batting: RHB Miguel Morán 0-0: Called Strike
0-1: Ball
1-1: Fielders Choice at 2nd, 4-6 (Groundball, 4)
Top of the 5th over - 1 run(s), 1 hit(s), 1 error(s), 0 left on base; Austin 1 - Houston 0
BOTTOM OF THE 5TH
Houston 1837 BBC batting - Pitching for Austin Rangers : RHP Kyle Boddy
Batting: RHB Luis Tapia 0-0: Fly out, F8 (Flyball, 8LXD)
Batting: RHB Kumanosuke Abe 0-0: Called Strike
0-1: Ball
1-1: Ball
2-1: Foul Ball, location: 2F
2-2: Hit by Pitch
Batting: LHB Alberto Torres 0-0: Called Strike
0-1: Grounds into double play, 4-6-3 (Groundball, 4)
Bottom of the 5th over - 0 run(s), 0 hit(s), 0 error(s), 0 left on base; Austin 1 - Houston 0
TOP OF THE 6TH
Austin Rangers batting - Pitching for Houston 1837 BBC : RHP Marvin Martin
Batting: SHB Xavier Vásquez 0-0: Called Strike
0-1: Fly out, F8 (Flyball, 8LXD)
Batting: LHB Yun Yen 0-0: Ball
1-0: Called Strike
1-1: Ball
2-1: Ball
3-1: Base on Balls
Batting: LHB Count Dante 0-0: Ball
1-0: Grounds into double play, 4-6-3 (Groundball, 4M)
Top of the 6th over - 0 run(s), 0 hit(s), 0 error(s), 0 left on base; Austin 1 - Houston 0
BOTTOM OF THE 6TH
Houston 1837 BBC batting - Pitching for Austin Rangers : RHP Kyle Boddy
Batting: LHB José Marín 0-0: Fly out, F6 (Line Drive, 4MD)
Batting: LHB Mike Hanson 0-0: Foul Ball, location: 2F
0-1: Foul Ball, location: 2F
0-2: Foul Ball, location: 2F
0-2: Ground out 4-3 (Groundball, 4)
Batting: RHB Bob Dickerson 0-0: Ball
1-0: Fly out, F6 (Line Drive, 6)
Bottom of the 6th over - 0 run(s), 0 hit(s), 0 error(s), 0 left on base; Austin 1 - Houston 0
TOP OF THE 7TH
Austin Rangers batting - Pitching for Houston 1837 BBC : RHP Marvin Martin
Batting: LHB Jesús Reyes 0-0: Foul Ball, location: 2F
0-1: Called Strike
0-2: Ball
1-2: Ball
2-2: Strikes out swinging, 2-3 out at first.
Batting: RHB Jeff Green 0-0: Foul Ball, location: 2F
0-1: Ball
1-1: Ball
2-1: Ball
3-1: Base on Balls
Batting: RHB Tony Hernández 0-0: Called Strike
0-1: Ball
1-1: SINGLE (Groundball, 6MD)
Jeff Green to second
Batting: LHB Enrique Sánchez 0-0: Ball
1-0: Called Strike
1-1: Foul Ball, location: 2F
1-2: Grounds into double play, 6-4-3 (Groundball, 6)
Top of the 7th over - 0 run(s), 1 hit(s), 0 error(s), 1 left on base; Austin 1 - Houston 0
BOTTOM OF THE 7TH
Houston 1837 BBC batting - Pitching for Austin Rangers : RHP Kyle Boddy
Batting: SHB Jason Alexander 0-0: Called Strike
0-1: Ball
1-1: Foul Ball, location: 2F
1-2: Hit by Pitch
Batting: LHB Damian Delaney 0-0: Foul Ball, location: 2F
0-1: Swinging Strike
0-2: Strikes out swinging
Batting: LHB Mark McClear 0-0: Foul Ball, location: 2F
0-1: Foul Ball, location: 2F
0-2: Ball
1-2: Ball
2-2: Fly out, F3 (Line Drive, 3L)
Lined into DP, U3 (Line Drive, 3L)
Bottom of the 7th over - 0 run(s), 0 hit(s), 0 error(s), 0 left on base; Austin 1 - Houston 0
TOP OF THE 8TH
Austin Rangers batting - Pitching for Houston 1837 BBC : RHP Marvin Martin
Batting: RHB Matt Sheppard 0-0: Ball
1-0: Called Strike
1-1: Foul Ball, location: 2F
1-2: Ball
2-2: Strikes out swinging
Batting: RHB Miguel Morán 0-0: Ball
1-0: Ball
2-0: Foul Ball, location: 2F
2-1: Ball
3-1: Ground out 5-3 (Groundball, 5)
Batting: SHB Xavier Vásquez 0-0: Called Strike
0-1: TRIPLE (Flyball, 9LD)
Batting: LHB Yun Yen 0-0: Called Strike
0-1: Swinging Strike
0-2: Fly out, F2 (Popup, 2R)
Top of the 8th over - 0 run(s), 1 hit(s), 0 error(s), 1 left on base; Austin 1 - Houston 0
BOTTOM OF THE 8TH
Houston 1837 BBC batting - Pitching for Austin Rangers : RHP Kyle Boddy
Batting: RHB Luis Tapia 0-0: Fly out, F7 (Flyball, 7)
Batting: RHB Kumanosuke Abe 0-0: Ball
1-0: Ball
2-0: Foul Ball, location: 2F
2-1: Foul Ball, location: 2F
2-2: SINGLE (Flyball, 7LM)
Batting: LHB Alberto Torres 0-0: Hit by Pitch
Kumanosuke Abe to second
Batting: LHB José Marín 0-0: Fly out, F9 (Flyball, 9)
Batting: LHB Mike Hanson 0-0: Called Strike
0-1: Foul Ball, location: 2F
0-2: Ball
1-2: Strikes out swinging
Bottom of the 8th over - 0 run(s), 1 hit(s), 0 error(s), 2 left on base; Austin 1 - Houston 0
TOP OF THE 9TH
Austin Rangers batting - Pitching for Houston 1837 BBC : RHP Marvin Martin
Batting: LHB Count Dante 0-0: Ball
1-0: Ball
2-0: Foul Ball, location: 2F
2-1: Ball
3-1: Fly out, F8 (Flyball, 8LS)
Pitching: RHP Francisco Valdés
Batting: LHB Jesús Reyes 0-0: Called Strike
0-1: Ball
1-1: Ball
2-1: Fly out, F7 (Flyball, 7)
Batting: RHB Jeff Green 0-0: Ball
1-0: Swinging Strike
1-1: Foul Ball, location: 2F
1-2: Strikes out swinging
Top of the 9th over - 0 run(s), 0 hit(s), 0 error(s), 0 left on base; Austin 1 - Houston 0
BOTTOM OF THE 9TH
Houston 1837 BBC batting - Pitching for Austin Rangers : RHP Kyle Boddy
Batting: RHB Bob Dickerson 0-0: Ground out 6-3 (Groundball, 6)
Batting: SHB Jason Alexander 0-0: Ball
1-0: Ball
2-0: Ball
3-0: Ground out 4-3 (Groundball, 34D)
Batting: LHB Damian Delaney 0-0: Swinging Strike
0-1: Ball
1-1: Called Strike
1-2: Foul Ball, location: 2F
1-2: Ball
2-2: Strikes out swinging, 2-3 out at first.
Bottom of the 9th over - 0 run(s), 0 hit(s), 0 error(s), 0 left on base; Austin 1 - Houston 0
Monday, March 20th, 2017 - OOTP Baseball 17.12 Build 75